 Seeded DCSS version 0.30.1 (webtiles) character file.

Game seed: 7229806256980976716 (custom seed)

2 McKennaii the Firebug (level 1, 14/14 HPs)
             Began as a Demigod Fire Elementalist on July 13, 2023.
             Quit the game on level 1 of the Dungeon.
             The game lasted 00:00:13 (154 turns).

McKennaii the Firebug (Demigod Fire Elementalist)    Turns: 154, Time: 00:00:13

Health: 14/14      AC:  2    Str:  9    XL:     1   Next: 26%
Magic:  5/5        EV: 12    Int: 17    God:
Gold:   1019       SH:  0    Dex: 14    Spells: 2/3 levels left

rFire   . . .        (no weapon)
rCold   . . .        (no shield)
rNeg    . . .        a - +0 robe
rPois   .            (no helmet)
rElec   .            (no cloak)
rCorr   .            (no gloves)
SInv    .            (no boots)
Will    .....        (no amulet)
Stlth   ++           (no ring)
HPRegen 0.22/turn    (no ring)
MPRegen 0.09/turn

%: no passive effects
@: no status effects
A: high MP 1, forlorn, divine attributes
a: no special abilities


You were on level 1 of the Dungeon.
You visited 1 branch of the dungeon, and saw 1 of its levels.

You collected 1019 gold pieces.

Inventory:

Missiles
 c - a throwing net
Armour
 a - a +0 robe (worn)
Scrolls
 d - 2 scrolls of amnesia {unknown}
 e - a scroll of acquirement
Potions
 b - a potion of magic


   Skills:
 - Level 1.7 Dodging
 - Level 1.7 Stealth
 + Level 1.8 Spellcasting
 + Level 1.0 Conjurations
 + Level 2.7 Fire Magic


You had 2 spell levels left.
You knew the following spells:

 Your Spells              Type           Power      Damage    Failure   Level
a - Foxfire               Conj/Fire      32%        2x1d5     9%          1

Your spell library contained the following spells:

 Spells                   Type           Power      Damage    Failure   Level
 Scorch                   Fire           20%        2d5       10%         2
 Static Discharge         Conj/Air       6%         2-3/arc   24%         2
 Inner Flame              Hex/Fire       6%         N/A       32%         3
 Volatile Blastmotes      Fire/Tloc      12%        2d11      32%         3
 Mephitic Cloud           Conj/Pois/Air  2%         N/A       45%         3
 Swiftness                Air            1%         N/A       52%         3
 Vhi's Electric Charge    Tloc/Air       2%         N/A       52%         3
 Flame Wave               Conj/Fire      8%         2d5       65%         4
 Freezing Cloud           Conj/Ice/Air   1%         6-21      99%         5


Dungeon Overview and Level Annotations

Branches:
Dungeon (1/15)


Innate Abilities, Weirdness & Mutations

You have an increased reservoir of magic. (+10% MP)
You shall have no god before yourself.
Your divine heritage dramatically boosts your attributes as you level up.


Message History

You conjure some foxfire!
The foxfire hits the hobgoblin.
The hobgoblin is heavily wounded.
The foxfire hits the hobgoblin.
You kill the hobgoblin!
Your Conjurations skill increases to level 1!
Your foxfire dissipates!
Your magical contamination has completely faded away.
Magic restored.
c - a throwing net Key pressed, stopping explore.
You conjure some foxfire!
There is not enough space to conjure foxfire!
Your foxfire dissipates!
Your foxfire dissipates!
You now have 17 gold pieces.
d - 2 scrolls labelled FUSKUR VIKLOEP A quokka comes into view.
You conjure some foxfire!
A quokka is nearby!
You conjure some foxfire!
The foxfire hits the quokka.
The quokka is heavily wounded.
You conjure some foxfire!
The foxfire hits the quokka.
The quokka is severely wounded.
The foxfire hits the quokka.
You kill the quokka!
You conjure some foxfire!
Your foxfire dissipates! x2
Your foxfire dissipates!
Your foxfire dissipates! x2
Found 3 stones.
e - 3 scrolls labelled RAGIOR NADERHA This is a scroll of acquirement!
Something appears at your feet!
You see here the Secrets of Floating Elsewhere.
Something appears at your feet!
You pick up the Secrets of Floating Elsewhere and begin reading...
You add the spells Static Discharge, Swiftness, Mephitic Cloud, Vhi's Electric Charge and Freezing Cloud to your library.
You now have 1019 gold pieces (gained 1002).
Are you sure you want to abandon this character and quit the game? (Confirm with "yes".)

############.#
#.# #.# #.#
##########.#
#..........# #
#.##########
#(#######.#
#..@......#
###########


There were no monsters in sight!

Vanquished Creatures
  A hobgoblin (D:1)
  A quokka (D:1)
2 creatures vanquished.

Vanquished Creatures (collateral kills)
  A foxfire (D:1)
1 creature vanquished.

Vanquished Creatures (others)
  13 foxfires (D:1)
13 creatures vanquished.

Grand Total: 16 creatures vanquished

Notes
Turn   | Place    | Note
-------+----------+-------------------------------------------
     0 | D:1      | McKennaii the Demigod Fire Elementalist began the quest for
                  | the Orb.
     0 | D:1      | Reached XP level 1. HP: 14/14 MP: 5/5
     9 | D:1      | Reached skill level 1 in Conjurations
   151 | D:1      | Identified 3 scrolls of acquirement
   151 | D:1      | Acquired 1002 gold pieces
   152 | D:1      | Acquired the Secrets of Floating Elsewhere
   154 | D:1      | Quit the game

Illustrated notes

Levels and vault maps discovered:
D:1:      spicycebolla_arrival_ecumenical, layout_loops_ring

Skill      XL: |  1 |
---------------+----+-----
Conjurations   | 1 |  1.0
Dodging        | |  1.7
Stealth        | |  1.7
Spellcasting   | |  1.8
Fire Magic     | |  2.7

Action                     || total
---------------------------++-------
   Cast: Foxfire           ||     7
    Use: Scroll            ||     2
